 Dungeon Crawl Stone Soup version 0.31-a0-149-g3fdcc5976a (webtiles) character file.

Game seed: 102367394119515865

437 qw the Shooter (level 6, -8/53 HPs)
             Began as a Minotaur Hunter on June 7, 2023.
             Mangled by Prince Ribbit (17 damage)
             ... on level 5 of the Dungeon.
             The game lasted 00:01:13 (2985 turns).

qw the Shooter (Minotaur Hunter)                    Turns: 2985, Time: 00:01:14

Health: -8/53      AC:  6    Str: 15    XL:     6   Next: 69%
Magic:  5/5        EV: 11    Int:  6    God:
Gold:   217        SH:  0    Dex: 16    Spells: 5/5 levels left

rFire   . . .        Y - +0 shortbow
rCold   . . .        (shield currently unavailable)
rNeg    . . .        f - +0 ring mail
rPois   .            (helmet restricted)
rElec   .            (no cloak)
rCorr   .            (no gloves)
SInv    .            g - +0 pair of boots
Will    .....        (no amulet)
Stlth   +            (no ring)
HPRegen 0.28/turn    (no ring)
MPRegen 0.09/turn

%: no passive effects
@: no status effects
A: horns 2, retaliatory headbutt
a: no special abilities


You were on level 5 of the Dungeon.
You visited 2 branches of the dungeon, and saw 6 of its levels.

You collected 217 gold pieces.


Innate Abilities, Weirdness & Mutations

You have a pair of horns on your head.
You reflexively headbutt those who attack you in melee.


   Skills:
 - Level 4.4 Fighting
 + Level 7.9 Ranged Weapons
 - Level 2.0 Armour
 - Level 2.1 Dodging
 - Level 0.7 Stealth


You had 5 spell levels left.
You didn't know any spells.
Your spell library was empty.

Inventory:

Hand Weapons
 Y - a +0 shortbow (weapon)
Armour
 f - a +0 ring mail (worn)
 g - a +0 pair of boots (worn)
Scrolls
 a - a scroll of identify
Potions
 b - a potion of mutation
 c - a potion of ambrosia {unknown}
 e - a potion of curing

Dungeon Overview and Level Annotations

Branches:
Dungeon (5/15)             Temple (1/1) D:4

Altars:
Ashenzari
Dithmenos
Gozag
Hepliaklqana
Makhleb
Nemelex Xobeh
Qazlal
Sif Muna
Trog
Uskayaw
Vehumet
Wu Jian
Xom
Yredelemnul
Zin
The Shining One

Annotations:
D:5 Prince Ribbit


Message History

Prince Ribbit barely misses you.
You shoot an arrow. The arrow closely misses Prince Ribbit.
Prince Ribbit closely misses you. You furiously retaliate!
You headbutt Prince Ribbit. Prince Ribbit hits you.
You shoot an arrow. The arrow closely misses Prince Ribbit.
Prince Ribbit lets out a mournful croak.
Prince Ribbit closely misses you.
You shoot an arrow. The arrow barely misses Prince Ribbit.
Prince Ribbit hits you. x2
You shoot an arrow. The arrow barely misses Prince Ribbit.
Prince Ribbit closely misses you.
You shoot an arrow. The arrow closely misses Prince Ribbit.
Prince Ribbit barely misses you. Prince Ribbit hits you.
You shoot an arrow. The arrow hits Prince Ribbit!
Prince Ribbit is moderately wounded.
Prince Ribbit closely misses you. Prince Ribbit hits you.
You shoot an arrow. The arrow hits Prince Ribbit.
Prince Ribbit is heavily wounded.
Prince Ribbit barely misses you.
You shoot an arrow. The arrow closely misses Prince Ribbit.
Prince Ribbit barely misses you.
Prince Ribbit hits you but does no damage.
You shoot an arrow. The arrow barely misses Prince Ribbit.
Prince Ribbit blinks!
You shoot an arrow. The arrow barely misses Prince Ribbit.
You shoot an arrow. The arrow misses Prince Ribbit.
Prince Ribbit barely misses you.
You shoot an arrow. The arrow hits Prince Ribbit.
Prince Ribbit is heavily wounded.
Prince Ribbit hits you. Prince Ribbit hits you!
You shoot an arrow. The arrow hits Prince Ribbit.
Prince Ribbit is severely wounded.
Prince Ribbit closely misses you. You furiously retaliate!
You headbutt Prince Ribbit. You shoot an arrow. The arrow hits Prince Ribbit.
Prince Ribbit is almost dead.
Prince Ribbit closely misses you. Prince Ribbit hits you!
You shoot an arrow. The arrow barely misses Prince Ribbit.
Prince Ribbit hits you!
You die...

#.#######.# #.# #.#
######.# #.# #......# #.#
#......#######.#
###............#.#
..>.....######.#.# #
#####.########.#.#.#..##
...............F@.....>.
#####..#######.#.#.##..#
##.# #.#.#.#
###'#######.#.# .
#....#......#.####
####....#........#...
........#..8.8.8....#
........#...........##...#
........#...........##...#


You could see Prince Ribbit.

Vanquished Creatures
  An ogre (D:4)
  2 scorpions
  An orc priest (D:4)
  3 orc wizards
  6 adders
  2 worms
  3 dart slugs
  8 orcs
  4 ball pythons
  7 endoplasms
  4 giant cockroaches
  8 goblins
  2 hobgoblins (D:2)
  3 quokkas
  4 bats
  3 frilled lizards
  5 kobolds
  8 rats
74 creatures vanquished.

Notes
Turn   | Place    | Note
-------+----------+-------------------------------------------
     0 | D:1      | qw the Minotaur Hunter began the quest for the Orb.
     0 | D:1      | Reached XP level 1. HP: 18/18 MP: 0/0
     0 | D:1      | 0 ||| qw: Version: 0.2-a-117-gc6b5c8b
     0 | D:1      | 0 ||| qw: Game counter: 2684
     0 | D:1      | 0 ||| qw: Always use a shield: true
     0 | D:1      | 0 ||| qw: God list: Okawaru
     0 | D:1      | 0 ||| qw: Allow faded altars: false
     0 | D:1      | 0 ||| qw: Do Orc after D:15 true
     0 | D:1      | 0 ||| qw: Do second Lair branch before Depths: true
     0 | D:1      | 0 ||| qw: Lair rune preference: random
     0 | D:1      | 0 ||| qw: Plans: Normal
     0 | D:1      | 0 ||| PLANNING D:1-11
   188 | D:1      | Reached XP level 2. HP: 25/25 MP: 1/1
   202 | D:1      | Reached skill level 5 in Ranged Weapons
   257 | D:1      | Reached skill level 3 in Fighting
   828 | D:1      | 828 ||| READING scroll labelled XINISA PEIRY.
   829 | D:1      | 829 ||| READING scroll labelled DIELIUNOHU.
   830 | D:1      | 830 ||| READING scroll labelled OCLANE RITH.
   831 | D:1      | 831 ||| DROPPING scroll of butterflies.
   875 | D:2      | Reached XP level 3. HP: 28/31 MP: 2/2
   876 | D:2      | 876 ||| FLEEEEING.
   877 | D:2      | 877 ||| FLEEEEING.
   878 | D:2      | 878 ||| FLEEEEING.
   879 | D:2      | 879 ||| FLEEEEING.
   880 | D:2      | 880 ||| FLEEEEING.
   881 | D:2      | 881 ||| FLEEEEING.
   882 | D:2      | 882 ||| FLEEEEING.
   883 | D:2      | 883 ||| STAIRDANCE
  1179 | D:2      | Reached XP level 4. HP: 36/38 MP: 3/3
  1188 | D:2      | Reached skill level 6 in Ranged Weapons
  1389 | D:2      | 1389 ||| UPGRADING to +0 pair of boots.
  1394 | D:2      | 1394 ||| READING scroll labelled WOABBI MUD UMUF.
  1395 | D:2      | 1395 ||| READING scroll labelled MINUT ROONTO.
  1396 | D:2      | 1396 ||| READING scroll labelled OLIXKE KOMAH.
  1397 | D:2      | 1397 ||| READING scroll labelled SIDATE ORULIKUIV.
  1530 | D:3      | 1530 ||| FLEEEEING.
  1531 | D:3      | 1531 ||| FLEEEEING.
  1532 | D:3      | 1532 ||| FLEEEEING.
  1533 | D:3      | 1533 ||| FLEEEEING.
  1534 | D:3      | 1534 ||| FLEEEEING.
  1535 | D:3      | 1535 ||| FLEEEEING.
  1536 | D:3      | 1536 ||| FLEEEEING.
  1539 | D:3      | 1539 ||| FLEEEEING.
  1540 | D:3      | 1540 ||| FLEEEEING.
  1541 | D:3      | 1541 ||| FLEEEEING.
  1542 | D:3      | 1542 ||| FLEEEEING.
  1543 | D:3      | 1543 ||| FLEEEEING.
  1544 | D:3      | 1544 ||| FLEEEEING.
  1550 | D:3      | 1550 ||| FLEEEEING.
  1551 | D:3      | 1551 ||| FLEEEEING.
  1552 | D:3      | 1552 ||| FLEEEEING.
  1553 | D:3      | 1553 ||| FLEEEEING.
  1554 | D:3      | 1554 ||| FLEEEEING.
  1561 | D:3      | 1561 ||| STAIRDANCE
  1573 | D:2      | 1573 ||| READING scroll labelled LAGOITT ONOPU.
  1574 | D:2      | 1574 ||| READING 3 scrolls of identify.
  1574 | D:2      | 1574 ||| IDENTIFYING blue potion
  1575 | D:2      | 1575 ||| READING 2 scrolls of identify.
  1575 | D:2      | 1575 ||| IDENTIFYING emerald potion
  1576 | D:2      | 1576 ||| DROPPING potion of brilliance.
  1733 | D:3      | Found an opulent altar of Gozag.
  1791 | D:3      | Found a glowing silver altar of Zin.
  2022 | D:3      | 2022 ||| READING 3 scrolls of identify.
  2022 | D:3      | 2022 ||| IDENTIFYING white potion
  2082 | D:4      | Reached XP level 5. HP: 46/46 MP: 4/4
  2154 | D:4      | 2154 ||| DRINKING 2 potions of curing.
  2154 | D:4      | 2154 ||| (to cure confusion)
  2206 | D:4      | Found a staircase to the Ecumenical Temple.
  2207 | D:4      | 2207 ||| PLANNING TEMPLE
  2215 | Temple   | Entered the Ecumenical Temple
  2266 | Temple   | 2266 ||| PLANNING D:1-11
  2371 | D:4      | Noticed an ogre
  2375 | D:4      | Killed an ogre
  2376 | D:4      | Reached XP level 6. HP: 47/53 MP: 5/5
  2437 | D:4      | Reached skill level 7 in Ranged Weapons
  2674 | D:4      | Found a hazy altar of Hepliaklqana.
  2783 | D:4      | 2783 ||| UPGRADING to +0 ring mail.
  2793 | D:4      | 2793 ||| DROPPING +0 leather armour.
  2794 | D:4      | 2794 ||| READING 2 scrolls of identify.
  2794 | D:4      | 2794 ||| IDENTIFYING glowing emerald potion
  2795 | D:4      | 2795 ||| DROPPING potion of attraction.
  2804 | D:5      | Entered Level 5 of the Dungeon
  2920 | D:5      | Found a hide-covered altar of Uskayaw.
  2969 | D:5      | Noticed Prince Ribbit
  2984 | D:5      | HP: 9/53 [Prince Ribbit (17)]
  2985 | D:5      | Mangled by Prince Ribbit

Levels and vault maps discovered:
D:1:      amcnicky_arrival_single_pillar, layout_loops_corners, st_stairs_3,
          minmay_tromino_v2
D:2:      layout_basic
D:3:      layout_loops_cross, nicolae_gozag_cash_rules_everything_around_me,
          zin_scriptorium
D:4:      layout_loops_ring, lemuel_coloured_pillars_altar,
          minmay_temple_entry_overgrown
D:5:      layout_basic, eat_drink_and_be_merry_uskayaw,
          nicolae_shop_i_like_big_books, minmay_increasing_density,
          uniq_prince_ribbit1, uniq_duvessa
Temple:   nicolae_temple_x_marks_the_god

Skill      XL: |  1  2  3  4  5  6 |
---------------+-------------------+-----
Ranged Weapons | 5 6 7 |  7.9
Fighting       | 3 4 |  4.4
Armour         | 2 |  2.0
Dodging        | |  2.1
Stealth        | |  0.7

Action                     |  1- 3 |  4- 6 || total
---------------------------+-------+-------++-------
   Fire: Shortbow          |    91 |   147 ||   238
    Use: Scroll            |     3 |     9 ||    12
         Potion            |       |     1 ||     1
 Armour: Leather armour    |     4 |     9 ||    13
         Ring mail         |       |     2 ||     2
  Dodge: Dodged            |    16 |    37 ||    53

Table legend:
 A = Non-vault XP
 B = Vault XP
 C = Vault XP percentage of total XP
 D = Non-vault monster count
 E = Vault monster count
 F = Vault count percentage of total count
                 A         B        C        D         E       F
            +---------+---------+-------+---------+---------+-------
      Total |     618 |       7 |   1.1 |      70 |       4 |   5.4
            +---------+---------+-------+---------+---------+-------
        D:1 |      30 |       7 |  18.9 |      17 |       4 |  19.0
        D:2 |      70 |       0 |   0.0 |      20 |       0 |   0.0
        D:3 |      84 |       0 |   0.0 |      15 |       0 |   0.0
        D:4 |     342 |       0 |   0.0 |      16 |       0 |   0.0
        D:5 |      92 |       0 |   0.0 |       2 |       0 |   0.0
            +---------+---------+-------+---------+---------+-------
